 Dungeon Crawl Stone Soup version 0.29.1-15-g9cfb28693d (webtiles) character file.

Game seed: 12517096097547559743

161 Brecoman the Trooper (level 5, -2/44 HPs)
             Began as a Palentonga Fighter on Feb 26, 2023.
             Slain by an iguana (10 damage)
             ... on level 4 of the Dungeon.
             The game lasted 00:06:14 (3084 turns).

Brecoman the Trooper (Palentonga Fighter)           Turns: 3084, Time: 00:06:15

Health: -2/44      AC:  8    Str: 23    XL:     5   Next: 19%
Magic:  5/5        EV:  7    Int:  9    God:
Gold:   65         SH:  5    Dex: 15    Spells: 4/4 levels left

rFire   . . .      SeeInvis +   a - +0 flail
rCold   . . .      Faith    .   c - +0 buckler
rNeg    + . .      Spirit   .   b - +0 scale mail
rPois   .          Reflect  .   (no helmet)
rElec   .          Harm     .   (no cloak)
rCorr   .          Rampage  .   q - +0 pair of gloves
Will    .....                   (no barding)
Stlth   ..........              (no amulet)
HPRegen 0.14/turn               h - ring of positive energy
MPRegen 0.09/turn               t - +6 ring of dexterity

@: mighty
A: large, rugged brown scales 3, see invisible, deformed body, roll 1, armoured
tail
a: Rolling Charge


You were on level 4 of the Dungeon.
You visited 1 branch of the dungeon, and saw 4 of its levels.

You collected 65 gold pieces.

Inventory:

Hand Weapons
 a - a +0 flail (weapon)
 r - a +0 whip of holy wrath
Missiles
 g - 56 stones
Armour
 b - a +0 scale mail (worn)
 c - a +0 buckler (worn)
 q - a +0 pair of gloves (worn)
Jewellery
 h - a ring of positive energy (left hand)
 t - a +6 ring of dexterity (right hand)
Scrolls
 e - 3 scrolls of identify {unknown}
 k - a scroll of noise {unknown}
 m - a scroll of fear {unknown}
 o - a scroll of immolation {unknown}
 p - a scroll of acquirement {unknown}
 s - a scroll of enchant armour {unknown}
Potions
 d - a potion of might
 f - 3 potions of flight {unknown}
 i - 3 potions of curing {unknown}
 j - a potion of mutation {unknown}
 l - a potion of cancellation {unknown}
 n - a potion of degeneration {unknown}


   Skills:
 + Level 4.0 Fighting
 + Level 3.1 Maces & Flails
 + Level 3.2 Armour
 + Level 3.5 Shields


You had 4 spell levels left.
You didn't know any spells.
Your spell library contained the following spells:

 Spells                   Type           Power      Damage    Failure   Level
 Magic Dart               Conj           0%         1d3       77%         1
 Slow                     Hex            0%         N/A       77%         1
 Searing Ray              Conj           0%         2d4       88%         2
 Confusing Touch          Hex            0%         N/A       98%         3
 Vampiric Draining        Necr           0%         2d6       98%         3
 Fulminant Prism          Conj/Hex       0%         3d6       100%        4


Dungeon Overview and Level Annotations

Branches:
Dungeon (4/15)             Temple (0/1) D:4

Altars:
Kikubaaqudgha


Innate Abilities, Weirdness & Mutations

You are completely covered in rugged brown scales. (AC +3, +7% HP)
You have supernaturally acute eyesight. (SInv)
Armour fits poorly on your strangely shaped body.
You can roll at nearby foes to attack.
You have a long armoured tail.


Message History

You barely miss the iguana.
The iguana is moderately wounded.
The iguana bites you. The iguana barely misses you.
You sock the iguana!
The iguana is almost dead.
The iguana bites you! You block the iguana's attack.
You hit the iguana but do no damage.
The iguana is almost dead.
The iguana barely misses you. The iguana closely misses you.
You hit the iguana but do no damage.
The iguana is almost dead.
The iguana barely misses you. You block the iguana's attack.
The iguana bites you! The iguana barely misses you.
You hit the iguana but do no damage.
Your tail-slap misses the iguana.
The iguana is almost dead.
You block the iguana's attack.
The iguana bites you but does no damage.
You sock the iguana!
You kill the iguana!
The iguana bites you but does no damage.
Your Fighting skill increases to level 4!
You hit the iguana but do no damage. The iguana barely misses you.
You block the iguana's attack.
You hit the iguana.
The iguana is moderately wounded.
The iguana bites you!
You closely miss the iguana.
The iguana is moderately wounded.
The iguana bites you.
You hit the iguana.
The iguana is heavily wounded.
You block the iguana's attack.
You hit the iguana but do no damage.
The iguana is heavily wounded.
The iguana bites you but does no damage.
The iguana bites you!
* * * LOW HITPOINT WARNING * * *
You feel very mighty all of a sudden. The iguana bites you!
You die...

.....
##.......##.#####
#.... #........##.#
#
#....###....######.#
# #......#....# #.#
# [#....#..##### #.#
# #........# #.#
#........# #.#
#........#
#.......@#
#.##....†l..# #
#..##...#..... ...#
.#.#. .... ###.
....#.. ..# #
.#....##. .# .....>.
.. . #. ##... ..


You could see an iguana.

Vanquished Creatures
  A jelly (D:4)
  An iguana (D:4)
  3 adders
  2 worms (D:2)
  2 dart slugs (D:1)
  3 orcs (D:3)
  6 goblins
  8 hobgoblins
  9 jackals
  2 quokkas (D:3)
  8 ball pythons
  4 bats
  6 frilled lizards
  7 kobolds
  6 rats
68 creatures vanquished.

Vanquished Creatures (others)
  A plant (D:1)
1 creature vanquished.

Grand Total: 69 creatures vanquished

Notes
Turn   | Place    | Note
-------+----------+-------------------------------------------
     0 | D:1      | Brecoman the Palentonga Fighter began the quest for the
                  | Orb.
     0 | D:1      | Reached XP level 1. HP: 19/19 MP: 1/1
   122 | D:1      | Reached XP level 2. HP: 25/25 MP: 2/2
   669 | D:1      | Reached XP level 3. HP: 27/31 MP: 3/3
  2111 | D:3      | Reached XP level 4. HP: 38/38 MP: 4/4
  2635 | D:3      | Found an ancient bone altar of Kikubaaqudgha.
  2979 | D:4      | Reached XP level 5. HP: 32/44 MP: 5/5
  3070 | D:4      | Found a staircase to the Ecumenical Temple.
  3079 | D:4      | Reached skill level 4 in Fighting
  3084 | D:4      | Slain by an iguana

Illustrated notes

Levels and vault maps discovered:
D:1:      kennysheep_arrival_seaside, layout_loops_corners, corexii_corridor_pit
D:2:      layout_loops_ring, kennysheep_nub, grunt_decor_fettered
D:3:      layout_basic, nicolae_kikubaaqudgha_miasma_corner
D:4:      layout_basic, nemelex_dance_club_becter,
          minmay_temple_entry_mini_moons

Skill      XL: |  1  2  3  4  5 |
---------------+----------------+-----
Shields        | 3 |  3.5
Armour         | 3 |  3.2
Maces & Flails | 3 |  3.1
Fighting       | 4 |  4.0

Action                   |  1- 3 |  4- 6 || total
-------------------------+-------+-------++-------
Melee: Flail             |   123 |    60 ||   183
       Tailslap          |    16 |     4 ||    20
 Abil: Rolling Charge    |     8 |       ||     8
  Use: Potion            |       |     1 ||     1
Armor: Scale mail        |    66 |    36 ||   102
Dodge: Dodged            |    56 |    26 ||    82
Block: Buckler           |    16 |    17 ||    33
